 Dungeon Crawl Stone Soup version 0.31-a0-232-gb1c03b2570 (webtiles) character file.

Game seed: 14874079664991406365

145 qw the Shooter (level 5, -2/45 HPs)
             Began as a Minotaur Hexslinger on July 6, 2023.
             Slain by an orc
             ... wielding a +0 flail
              (5 damage)
             ... on level 4 of the Dungeon.
             The game lasted 00:01:12 (2558 turns).

qw the Shooter (Minotaur Hexslinger)                Turns: 2558, Time: 00:01:12

Health: -2/45      AC:  4    Str: 12    XL:     5   Next: 6%
Magic:  5/5        EV:  9    Int: 10    God:
Gold:   131        SH:  0    Dex: 15    Spells: 5/6 levels left

rFire   . . .        Y - +2 sling
rCold   . . .        (no shield)
rNeg    . . .        d - +0 leather armour
rPois   +            (helmet restricted)
rElec   .            (no cloak)
rCorr   .            f - +0 pair of gloves
SInv    .            (no boots)
Will    .....        k - amulet of regeneration
Stlth   +            a - ring of poison resistance
HPRegen 1.07/turn    (no ring)
MPRegen 0.09/turn

%: no passive effects
@: about to teleport, constricted
A: horns 2, retaliatory headbutt
a: no special abilities


You were on level 4 of the Dungeon.
You visited 1 branch of the dungeon, and saw 4 of its levels.

You collected 131 gold pieces.


Innate Abilities, Weirdness & Mutations

You have a pair of horns on your head.
You reflexively headbutt those who attack you in melee.


   Skills:
 - Level 3.1 Fighting
 + Level 5.1 Ranged Weapons
 - Level 2.1 Dodging
 - Level 1.0 Spellcasting
 - Level 2.0 Hexes


You had 5 spell levels left.
You knew the following spells:

 Your Spells              Type           Power      Damage    Failure   Level
a - Slow                  Hex            16%        N/A       19%         1

Your spell library contained the following spells:

 Spells                   Type           Power      Damage    Failure   Level
 Inner Flame              Hex/Fire       2%         N/A       65%         3
 Portal Projectile        Hex/Tloc       4%         N/A       65%         3
 Cause Fear               Hex            2%         N/A       88%         4

Inventory:

Hand Weapons
 Y - a +2 sling (weapon)
Armour
 d - a +0 leather armour (worn)
 f - a +0 pair of gloves (worn)
Jewellery
 a - a ring of poison resistance (left hand)
 k - an amulet of regeneration (around neck)
Scrolls
 c - 2 scrolls of identify
Potions
 e - a potion of curing
 i - a potion of cancellation

Dungeon Overview and Level Annotations

Branches:
Dungeon (4/15)
 Temple: D:4-7

Altars:
Xom

Annotations:
D:3 3 runed translucent doors, qw's ghost, amateur MiHs


Message History

The orc shouts!
A ball python comes into view.
You shoot a sling bullet.
The sling bullet closely misses the orc.
The ball python hisses angrily.
You shoot a sling bullet. The sling bullet barely misses the orc.
You shoot a sling bullet.
The sling bullet closely misses the orc.
You shoot a sling bullet. The sling bullet barely misses the orc.
You shoot a sling bullet. The sling bullet barely misses the orc.
The giant cockroach bites you but does no damage.
The orc closely misses you.
The gnoll sergeant hits you from afar with a +0 trident.
You shoot a sling bullet. The sling bullet hits the orc.
The orc is heavily wounded.
The giant cockroach misses you.
The gnoll sergeant hits you from afar with a +0 trident!
The orc barely misses you.
You shoot a sling bullet. The sling bullet barely misses the orc.
The giant cockroach closely misses you. You furiously retaliate!
You headbutt the giant cockroach!
You kill the giant cockroach!
The ball python closely misses you. The ball python grabs you.
The ball python constricts you. The orc closely misses you.
The gnoll sergeant hits you from afar with a +0 trident!
You shoot a sling bullet. The sling bullet hits the ball python.
The ball python is moderately wounded.
The ball python closely misses you. The ball python constricts you.
The orc hits you with a +0 flail!
The gnoll sergeant hits you from afar with a +0 trident.
The ball python barely misses you. The ball python constricts you.
2557 ||| READING scroll of teleportation.
As you read the scroll of teleportation, it crumbles to dust.
You feel strangely unstable. The orc hits you with a +0 flail.
The gnoll sergeant misses you. The ball python bites you.
The ball python constricts you.
You shoot a sling bullet. The sling bullet hits the ball python.
The ball python is heavily wounded.
The orc hits you with a +0 flail.
You die...

.## # ... ## ...##
..... .#.. #.#. .$$
## ... #.##...
#.######.......
#.<(...........
.....).###g..S......
....... #..@o?.....
....... #..........
....... #.........<
....... #..........
....... #..........
).>.... #..:.##....
###### .... ...


You could see a gnoll sergeant, an orc and a ball python.

Vanquished Creatures
  3 gnolls
  3 adders (D:2)
  An ufetubus (D:3)
  A worm (D:2)
  4 dart slugs
  2 orcs (D:3)
  8 ball pythons
  9 bats
  5 endoplasms
  A giant cockroach (D:4)
  8 goblins
  5 hobgoblins
  2 quokkas (D:1)
  6 frilled lizards
  8 kobolds
  5 rats
71 creatures vanquished.

Notes
Turn   | Place    | Note
-------+----------+-------------------------------------------
     0 | D:1      | qw the Minotaur Hexslinger began the quest for the Orb.
     0 | D:1      | Reached XP level 1. HP: 16/16 MP: 1/1
     0 | D:1      | 0 ||| qw: Version: 0.3-a-46-gb1f654a
     0 | D:1      | 0 ||| qw: Game counter: 2029
     0 | D:1      | 0 ||| qw: Melee chars always use a shield: true
     0 | D:1      | 0 ||| qw: God list: Okawaru
     0 | D:1      | 0 ||| qw: Allow faded altars: false
     0 | D:1      | 0 ||| qw: Do Orc after clearing Dungeon:15 true
     0 | D:1      | 0 ||| qw: Do second Lair branch before Depths: true
     0 | D:1      | 0 ||| qw: Lair rune preference: random
     0 | D:1      | 0 ||| qw: Goals: Normal
     0 | D:1      | 0 ||| PLANNING D:1-11
    53 | D:1      | Reached skill level 3 in Ranged Weapons
    53 | D:1      | 53 ||| FLEEEEING.
    54 | D:1      | 54 ||| FLEEEEING.
    55 | D:1      | 55 ||| FLEEEEING.
    56 | D:1      | 56 ||| FLEEEEING.
    57 | D:1      | 57 ||| FLEEEEING.
    58 | D:1      | 58 ||| FLEEEEING.
    59 | D:1      | 59 ||| FLEEEEING.
    63 | D:1      | Reached XP level 2. HP: 12/23 MP: 2/2
   436 | D:1      | Reached XP level 3. HP: 29/29 MP: 3/3
   559 | D:1      | 559 ||| UPGRADING to +0 leather armour.
   569 | D:1      | 569 ||| DROPPING +0 robe.
   570 | D:1      | 570 ||| READING scroll labelled PONUEL ELOURO XUTE.
   571 | D:1      | 571 ||| DROPPING scroll of poison.
   609 | D:2      | 609 ||| STAIRDANCE
   757 | D:2      | Reached skill level 4 in Ranged Weapons
   919 | D:2      | Reached XP level 4. HP: 36/36 MP: 4/4
  1108 | D:2      | Found a shimmering altar of Xom.
  1448 | D:2      | 1448 ||| UPGRADING to +0 pair of gloves.
  1453 | D:2      | 1453 ||| UPGRADING to ring of poison resistance.
  1454 | D:2      | 1454 ||| READING 3 scrolls labelled ROREMU QETESOA.
  1455 | D:2      | 1455 ||| READING scroll labelled QAGIMIYDUQ.
  1456 | D:2      | 1456 ||| DRINKING 2 glowing emerald potions.
  1457 | D:2      | 1457 ||| DRINKING 2 clear potions.
  1458 | D:2      | 1458 ||| READING 2 scrolls of identify.
  1458 | D:2      | 1458 ||| IDENTIFYING bubbling amethyst potion
  1459 | D:2      | 1459 ||| DROPPING 2 scrolls of fog.
  1460 | D:2      | 1460 ||| DROPPING potion of brilliance.
  1493 | D:3      | Reached skill level 5 in Ranged Weapons
  1551 | D:3      | Found a runed translucent gate.
  1553 | D:3      | Found a runed translucent gate.
  1557 | D:3      | Found a runed translucent gate.
  1588 | D:3      | Noticed qw's ghost (amateur MiHs)
  1588 | D:3      | Noticed qw's ghost (amateur MiHs)
  1588 | D:3      | Noticed qw's ghost (amateur MiHs)
  1940 | D:3      | 1940 ||| UPGRADING to amulet of regeneration.
  1945 | D:3      | 1945 ||| READING 2 scrolls labelled RITSIU LEGI.
  1959 | D:3      | 1959 ||| READING scroll labelled KOUD CIOSO.
  2060 | D:3      | 2060 ||| READING 3 scrolls of identify.
  2060 | D:3      | 2060 ||| IDENTIFYING lumpy red potion
  2061 | D:3      | 2061 ||| READING 2 scrolls of identify.
  2061 | D:3      | 2061 ||| IDENTIFYING fizzy purple potion
  2062 | D:3      | 2062 ||| DROPPING potion of degeneration.
  2063 | D:3      | 2063 ||| DROPPING potion of ambrosia.
  2080 | D:4      | Noticed a gnoll sergeant
  2087 | D:4      | 2087 ||| STAIRDANCE
  2134 | D:4      | 2134 ||| STAIRDANCE
  2173 | D:4      | 2173 ||| STAIRDANCE
  2226 | D:4      | 2226 ||| STAIRDANCE
  2269 | D:4      | 2269 ||| STAIRDANCE
  2324 | D:4      | 2324 ||| STAIRDANCE
  2373 | D:4      | Reached skill level 3 in Fighting
  2376 | D:4      | 2376 ||| STAIRDANCE
  2418 | D:4      | Reached XP level 5. HP: 45/45 MP: 5/5
  2423 | D:4      | 2423 ||| STAIRDANCE
  2464 | D:4      | 2464 ||| STAIRDANCE
  2502 | D:4      | 2502 ||| STAIRDANCE
  2556 | D:4      | HP: 9/45 [gnoll sergeant/+0 trident (6)]
  2557 | D:4      | 2557 ||| READING scroll of teleportation.
  2557 | D:4      | HP: 3/45 [ball python (3)]
  2558 | D:4      | Slain by an orc

Levels and vault maps discovered:
D:1:      dpeg_arrival_rhombi, layout_rooms
D:2:      layout_basic, basic_altar
D:3:      layout_rooms, gammafunk_ghost_cemetery
D:4:      layout_rooms, mainiacjoe_overflow_six_doors_small,
          minmay_temple_entry_wispy

Skill      XL: |  1  2  3  4 |
---------------+-------------+-----
Ranged Weapons | 3 4 5 |  5.1
Fighting       | 2 3 |  3.1
Dodging        | |  2.1
Spellcasting   | |  1.0
Hexes          | |  2.0

Action                     |  1- 3 |  4- 6 || total
---------------------------+-------+-------++-------
   Fire: Sling             |   108 |   125 ||   233
    Use: Scroll            |     1 |     8 ||     9
         Potion            |       |     2 ||     2
 Armour: Robe              |     4 |       ||     4
         Leather armour    |     6 |     5 ||    11
  Dodge: Dodged            |    36 |    60 ||    96

Table legend:
 A = Non-vault XP
 B = Vault XP
 C = Vault XP percentage of total XP
 D = Non-vault monster count
 E = Vault monster count
 F = Vault count percentage of total count
                 A         B        C        D         E       F
            +---------+---------+-------+---------+---------+-------
      Total |     208 |       0 |   0.0 |      71 |       0 |   0.0
            +---------+---------+-------+---------+---------+-------
        D:1 |      46 |       0 |   0.0 |      30 |       0 |   0.0
        D:2 |      84 |       0 |   0.0 |      24 |       0 |   0.0
        D:3 |      47 |       0 |   0.0 |      14 |       0 |   0.0
        D:4 |      31 |       0 |   0.0 |       3 |       0 |   0.0
            +---------+---------+-------+---------+---------+-------
